 Dungeon Crawl Stone Soup version 0.27-a0-1123-g2f9bb313c0 (webtiles) character file.

Game seed: 15578008197060042899

137 Azzok the Chopper (level 5, 38/41 HPs)
             Began as a Demonspawn Berserker on May 3, 2021.
             Was a Believer of Trog.
             Quit the game on level 3 of the Dungeon.
             The game lasted 00:02:31 (2359 turns).

Azzok the Chopper (Demonspawn Berserker)            Turns: 2359, Time: 00:02:31

Health: 38/41      AC: 12    Str: 19    XL:     5   Next: 0%
Magic:  5/5        EV:  7    Int:  8    God:    Trog [**....]
Gold:   17         SH:  5    Dex: 12    Spells: 4/4 levels left

rFire    . . .     SeeInvis .   o - +1 hand axe (freeze)
rCold    . . .     Faith    .   (no shield)
rNeg     . . .     Spirit   .   j - +0 chain mail
rPois    .         Reflect  +   (no helmet)
rElec    .         Harm     .   (no cloak)
rCorr    .         Rampage  .   (no gloves)
Will     .....                  (no boots)
Stlth    ..........             e - amulet of reflection
HPRegen  0.13/turn              k - +4 ring of protection
MPRegen  0.09/turn              (no ring)

@: no status effects
A: hooves 2, demonic guardian 1
a: Renounce Religion, Berserk, Trog's Hand


You were on level 3 of the Dungeon.
You worshipped Trog.
Trog was pleased with you.
You visited 1 branch of the dungeon, and saw 3 of its levels.

You collected 113 gold pieces.
You spent 96 gold pieces at shops.

Inventory:

Hand Weapons
 o - a +1 hand axe of freezing (weapon)
Armour
 j - a +0 chain mail (worn)
Jewellery
 e - an amulet of reflection (around neck)
 k - a +4 ring of protection (left hand)
Scrolls
 b - a scroll of magic mapping {unknown}
 c - a scroll of amnesia {unknown}
 d - a scroll of brand weapon {unknown}
 f - 5 scrolls of identify {unknown}
 h - 2 scrolls of teleportation {unknown}
Potions
 g - a potion of lignification {unknown}
 i - a potion of resistance {unknown}
 l - a potion of curing
 m - a potion of heal wounds
 n - a potion of invisibility {unknown}


   Skills:
 - Level 3.0 Fighting
 + Level 5.2 Axes
 - Level 1.7 Armour
 - Level 1.7 Dodging


You had 4 spell levels left.
You didn't know any spells.
Your spell library was empty.

Dungeon Overview and Level Annotations

Branches:
Dungeon (3/15)

Altars:
Ru
The Shining One

Shops:
D:3 ![


Innate Abilities, Weirdness & Mutations

You have hoof-like feet.
A weak demonic guardian rushes to your aid.


Message History

Your chain mail prevents you from hitting the worm.
You kick the worm.
The worm is heavily wounded.
You block the worm's attack.
You hit the worm. You freeze the worm. Your kick misses the worm.
The worm is severely wounded.
You hit the worm. You freeze the worm. You kick the worm.
The worm is almost dead.
The worm bites you but does no damage.
You hit the worm. You freeze the worm.
You kill the worm!
Trog accepts your kill.
You now have 17 gold pieces (gained 7).
f - 5 scrolls labelled ETEYTE SEAV (gained 1)
An orc comes into view. It is wielding a +0 hand axe.
The orc shouts!
You hear a shout!
An orc is nearby!
An orc is nearby!
An orc comes into view. It is wielding a +0 dagger.
The orc shouts!
An orc comes into view. It is wielding a +0 hand axe.
Found a potion of curing.
The orc hits you with a +0 hand axe.
You slash the orc! You freeze the orc.
You kill the orc!
Trog accepts your kill.
A rat comes into view.
You slash the orc! You freeze the orc.
You kill the orc!
Trog accepts your kill.
A ball python comes into view.
You closely miss the orc.
The ball python hisses angrily.
You kick the orc!
You kill the orc!
Trog accepts your kill.
You have reached level 5!
Your demonic ancestry asserts itself...
You feel the presence of a demonic guardian.
Are you sure you want to abandon this character and quit the game? (Confirm with "yes".)

▒▒▒▒▒▒▒▒▒▒
········▒ ·r···!·▒
······▒ ····· ···
▒)▒ ▒@▒ ▒▒▒▒ ▒▒▒
▒·▒ ···▒▒▒▒▒·▒▒▒▒
▒·▒ ············▒▒
▒·▒
·············▒▒▒·▒
·····▒▒▒·······▒·▒
··8▒▒▒ ▒·▒·····▒·▒
·▒▒▒ ▒▒▒▒······▒
··▒ ▒▒·····▒


You could see a rat.

Vanquished Creatures
  Natasha (twice) (D:3)
  2 adders
  3 worms
  A dart slug (D:2)
  3 orcs (D:3)
  5 endoplasms
  2 giant cockroaches
  7 goblins
  3 hobgoblins
  3 jackals (D:1)
  3 ball pythons
  6 bats
  3 frilled lizards
  7 kobolds
  6 rats
56 creatures vanquished.

Vanquished Creatures (others)
  A fungus (D:1)
  A plant (D:1)
2 creatures vanquished.

Grand Total: 58 creatures vanquished

Notes
Turn   | Place    | Note
-------+----------+-------------------------------------------
     0 | D:1      | Azzok the Demonspawn Berserker began the quest for the Orb.
     0 | D:1      | Reached XP level 1. HP: 18/18 MP: 1/1
    26 | D:1      | Reached skill level 3 in Axes
   122 | D:1      | Gained mutation: You have large cloven feet. [demonic
                  | ancestry]
   122 | D:1      | Reached XP level 2. HP: 22/24 MP: 2/2
   382 | D:1      | Reached ** piety under Trog
   509 | D:1      | Found a faded altar of an unknown god.
   762 | D:1      | Gained mutation: You have hoof-like feet. [demonic
                  | ancestry]
   762 | D:1      | Reached XP level 3. HP: 29/29 MP: 3/3
  1169 | D:2      | Reached skill level 4 in Axes
  1969 | D:3      | Found a sacrificial altar of Ru.
  1983 | D:3      | Found Ruedghan's Distillery.
  1983 | D:3      | Noticed Natasha
  1990 | D:3      | Killed Natasha
  1991 | D:3      | Reached XP level 4. HP: 34/35 MP: 4/4
  2001 | D:3      | Bought a potion of curing for 36 gold pieces
  2001 | D:3      | Bought a potion of heal wounds for 60 gold pieces
  2032 | D:3      | Noticed Natasha
  2041 | D:3      | Killed Natasha
  2042 | D:3      | Reached skill level 5 in Axes
  2270 | D:3      | Found Xioxeeck's Antique Armour Emporium.
  2359 | D:3      | Gained mutation: A weak demonic guardian rushes to your
                  | aid. [demonic ancestry]
  2359 | D:3      | Reached XP level 5. HP: 38/41 MP: 5/5
  2359 | D:3      | Quit the game

Illustrated notes

Levels and vault maps discovered:
D:1:      wander_arrival_estate, layout_rooms, shapermc_ecumenical_altar_gd
D:2:      layout_loops_corners
D:3:      layout_basic, nicolae_tso_carved_into_rock, nicolae_ru_awakened_eye,
          serial_shops, shop, shop, nicolae_shop_stone, shop, shop, uniq_natasha

Skill      XL: |  1  2  3  4 |
---------------+-------------+-----
Axes           | 3 4 5 |  5.2
Fighting       | |  3.0
Armour         | |  1.7
Dodging        | |  1.7

Action                   |  1- 3 |  4- 6 || total
-------------------------+-------+-------++-------
Melee: Hand axe          |   100 |    29 ||   129
       Kick              |    20 |     9 ||    29
Invok: Berserk           |       |     1 ||     1
 Stab: Sleeping          |     1 |       ||     1
Armor: Animal skin       |    18 |       ||    18
       Chain mail        |    10 |     7 ||    17
       Scale mail        |     3 |       ||     3
Dodge: Dodged            |    59 |     4 ||    63
Block: Other             |    12 |     8 ||    20

Table legend: (Time is in decaauts)
 A = Elapsed time spent in this place.
 B = Non-inter-level travel time spent in this place.
 C = Inter-level travel time spent in this place.
 D = Time resting spent in this place.
 E = Time spent auto-exploring this place.
 F = Levels seen in this place.
 G = Mean time per level.
                   A        B        C        D        E       F      G
               +--------+--------+--------+--------+--------+-----+--------+
         Total |   2383 |   2316 |     67 |    246 |   1695 |   3 |  794.3 |
       Dungeon |   2383 |   2316 |     67 |    246 |   1695 |   3 |  794.3 |
               +--------+--------+--------+--------+--------+-----+--------+

Top non-repeatable levels by time:
     D:2: 984 daAuts
     D:1: 927 daAuts
     D:3: 471 daAuts
